 Dungeon Crawl Stone Soup version 0.22.1-1-ga44c0e56f4 (webtiles) character file.

60 Knicklaso the Ruffian (level 3, 0/29 HPs)
             Began as a Draconian Transmuter on Sept 29, 2018.
             Slain by a leopard gecko (1 damage)
             ... on level 3 of the Dungeon.
             The game lasted 00:03:50 (1255 turns).

Knicklaso the Ruffian (Draconian Transmuter)        Turns: 1255, Time: 00:03:51

Health: 0/29       AC:  6    Str: 12    XL:     3   Next: 80%
Magic:  6/6        EV: 12    Int: 14    God:
Gold:   62         SH:  0    Dex: 11    Spells: 5/6 levels left

rFire    . . .     SeeInvis .     - Unarmed
rCold    . . .     Gourm    .   (no shield)
rNeg     . . .     Faith    .   (armour unavailable)
rPois    .         Spirit   .   (helmet restricted)
rElec    .         Reflect  .   (no cloak)
rCorr    .         Harm     .   b - +0 pair of gloves
MR       .....                  (no boots)
Stlth    +.........             (no amulet)
HPRegen  0.09/turn              (no ring)
MPRegen  0.10/turn              (no ring)

@: very slightly contaminated, invisible
A: unfitting armour, cold-blooded, AC +5
a: no special abilities


You were on level 3 of the Dungeon.
You were not hungry.

You visited 1 branch of the dungeon, and saw 3 of its levels.

You collected 62 gold pieces.

Inventory:

Hand Weapons
 f - a +1 dagger of venom
Missiles
 a - 12 arrows
Armour
 b - a +0 pair of gloves (worn)
Jewellery
 e - an uncursed amulet of rage {unknown}
Scrolls
 i - a scroll of identify {unknown}
Potions
 g - a potion of agility {unknown}
Comestibles
 c - 2 rations
 h - a chunk of flesh


   Skills:
 + Level 1.9 Fighting
 - Level 1.7 Dodging
 * Level 3.6 Unarmed Combat
 + Level 2.3 Spellcasting
 * Level 2.9 Transmutations


You had 5 spell levels left.
You knew the following spells:

 Your Spells              Type           Power        Failure   Level  Hunger
a - Beastly Appendage     Tmut           #.....       7%          1    #......

Your spell library contained the following spells:

 Spells                   Type           Power        Failure   Level  Hunger
 Sticks to Snakes         Tmut           #.......     11%         2    ###....
 Spider Form              Tmut/Pois      #.........   36%         3    ###....
 Ice Form                 Ice/Tmut       #.......     77%         4    #####..
 Blade Hands              Tmut           #.........   89%         5    ######.


Dungeon Overview and Level Annotations

Branches:
Dungeon (2/15)

Altars:
Nemelex Xobeh

Annotations:
D:3 Sigmund


Innate Abilities, Weirdness & Mutations

Your plain brown scales are hard. (AC +5)
You cannot fit into any form of body armour.
You are cold-blooded and may be slowed by cold attacks.


Message History

You see here 2 throwing nets.
The leopard gecko closely misses you.
The leopard gecko bites you but does no damage.
Found a robe.
The leopard gecko misses you.
An orc comes into view.
The orc shouts!
Found a runed wooden ring.
The leopard gecko bites you.
* * * LOW HITPOINT WARNING * * *
The orc hits you.
* * * LOW HITPOINT WARNING * * *
It was a potion of invisibility.
You fade into invisibility!
The leopard gecko closely misses you. The orc closely misses you.
Sigmund casts a spell.
Sigmund flickers and vanishes!
You are very lightly contaminated with residual magic.
You barely miss the orc. The leopard gecko bites you.
You die...

+.....g.g...........
###[{..##########...
#.#.## #.#. #.###
##.## #g# ##...# #.#
..... #g# ##.[.# #l#
#.# #@# ###.## #o#
#.g.g. #.# #.#.#.
#.# #.#.#. #=#
#g#.#. ..# #.#...
### #g###. #.....
######


You could see 2 gnolls, an orc and a leopard gecko.

Vanquished Creatures
  A gnoll (D:3)
  An adder (D:2)
  An ooze (D:3)
  A leopard gecko (D:3)
  A ball python (D:1)
  9 bats (D:1)
  2 giant cockroaches (D:1)
  2 goblins
  5 hobgoblins (D:1)
  4 frilled lizards (D:1)
  4 kobolds
  7 rats
38 creatures vanquished.

Notes
Turn   | Place    | Note
-------+----------+-------------------------------------------
     0 | D:1      | Knicklaso the Draconian Transmuter began the quest for the
                  | Orb.
     0 | D:1      | Reached XP level 1. HP: 16/16 MP: 3/3
   139 | D:1      | Reached XP level 2. HP: 19/23 MP: 5/5
   401 | D:1      | Found a sparkling altar of Nemelex Xobeh.
   627 | D:1      | Reached XP level 3. HP: 24/29 MP: 6/6
   971 | D:2      | You fall through a shaft!
  1178 | D:3      | Noticed Sigmund
  1253 | D:3      | HP: 1/29 [orc (4)]
  1255 | D:3      | Slain by a leopard gecko

Action                   || total
-------------------------++-------
Melee: Unarmed           ||   146
       Tailslap          ||     7
       Kick              ||     2
       Punch             ||     2
 Cast: Beastly Appendage ||     5
  Use: Potion            ||     1
 Stab: Sleeping          ||     2
  Eat: Chunk             ||     1
Armor: Skin              ||    54
Dodge: Dodged            ||   116
